Map: Cyber Forest LE

Players

HeatedStove - Winner!

  • Race: Zerg Zerg
  • League: Master
  • Spawn Location: 11:00

FOX

  • Race: Terran Terran
  • League: Master
  • Spawn Location: 5:00

VOD

Have the link to the VOD?

Description

Time

  • Played on: June 23, 2019, 2:21 a.m.
  • Length: 28:29
Show
View Real Time Build Order
Export as new Build Order

HeatedStove Zerg - Winner!

Build Orders: Hatch First, Brood Lord Corruptor 

Get SALT Encoding   

  12  0:01  Drone  
  13  0:13  Overlord  
  13  0:17  Drone  
  14  0:31  Drone x2  
  16  0:49  Hatchery  
  15  0:53  Drone  
  15  0:56  Drone  
  17  1:00  Drone  
  18  1:10  Extractor  
  17  1:15  Spawning Pool  
  16  1:19  Drone  
  16  1:23  Drone  
  18  1:30  Drone  
  20  1:40  Drone  
  20  1:56  Drone  
  21  2:02  Queen x2  
  21  2:03  Zergling x4  
  27  2:21  Hatchery  
  26  2:25  Overlord  
  26  2:33  Metabolic Boost  
  26  2:35  Drone  
  26  2:36  Drone  
  28  2:44  Queen  
  30  2:53  Overlord  
  30  2:55  Drone x2  
  30  2:58  Drone  
  33  3:00  Drone  
  33  3:01  Drone  
  33  3:05  Drone  
  36  3:18  Queen  
  38  3:20  Queen  
  38  3:27  Drone x2  
  42  3:31  Drone  
  42  3:32  Drone  
  44  3:37  Overlord  
  44  3:40  Queen  
  46  3:48  Zergling x8  
  50  3:56  Drone x4  
  54  4:05  Drone x3  
  54  4:06  Overlord x2  
  57  4:11  Lair  
  57  4:14  Zergling x2  
  58  4:24  Queen  
  58  4:28  Spore Crawler  
  59  4:37  Baneling Nest  
  58  4:40  Spore Crawler, Zergling x4  
  59  4:53  Drone x8  
  59  4:54  Overlord x2  
  59  4:57  Drone x2  
  59  4:58  Spore Crawler  
  68  5:12  Drone x8  
  76  5:18  Overlord  
  76  5:20  Drone x2  
  78  5:36  Drone, Evolution Chamber x2  
  78  5:37  Drone x8, Extractor  
  78  5:38  Extractor  
  78  5:40  Extractor  
  78  5:41  Extractor  
  81  5:52  Centrifical Hooks  
  81  5:54  Drone  
  81  5:55  Drone x6  
  81  5:56  Hatchery  
  87  6:04  Overlord  
  87  6:05  Overlord  
  87  6:12  Hatchery, Overlord  
  87  6:15  Drone x2  
  87  6:18  Extractor  
  87  6:19  Infestation Pit  
  86  6:28  Zerg Ground Armor Level 1, Zerg Melee Weapons Level 1  
  86  6:33  Drone x3  
  86  6:37  Zergling x6  
  86  6:38  Zergling x2  
  93  6:44  Overlord  
  93  6:45  Overlord  
  93  6:48  Hatchery, Zergling x8  
  96  6:57  Baneling  
  96  6:58  Baneling x17  
  92  7:22  Zergling x28  
  99  7:32  Overlord x2  
  99  7:34  Queen  
  99  7:35  Hive  
  99  7:36  Drone  
  102  7:38  Spire  
  102  7:40  Drone x4  
  102  7:43  Drone x2  
  107  7:48  Burrow  
  107  7:50  Zergling x8  
  111  7:56  Pneumatized Carapace  
  111  8:00  Drone x6  
  117  8:09  Overlord  
  117  8:10  Overlord  
  117  8:16  Overseer  
  117  8:21  Zergling x28  
  117  8:22  Zergling x2  
  117  8:25  Zerg Melee Weapons Level 2  
  132  8:31  Zerg Ground Armor Level 2  
  128  8:55  Adrenal Glands  
  128  8:56  Greater Spire, Ultralisk Cavern  
  128  8:57  Drone x2  
  129  9:02  Overlord  
  129  9:03  Overlord x2  
  127  9:36  Zergling x2  
  127  9:37  Zergling x58  
  127  9:38  Zergling x12  
  163  9:39  Baneling  
  163  9:40  Baneling x21  
  163  9:47  Zergling x2  
  164  9:54  Zergling x12  
  168  10:05  Anabolic Synthesis  
  158  10:14  Drone  
  158  10:15  Drone x7  
  158  10:16  Extractor  
  158  10:17  Extractor  
  164  10:22  Zerg Flyer Armor Level 1  
  160  10:42  Baneling x14  
  160  10:43  Ultralisk  
  160  10:44  Zergling x4, Ultralisk x2  
  160  10:46  Overlord x2  
  160  10:48  Chitinous Plating  
  160  11:08  Hatchery  
  150  11:19  Drone x3  
  150  11:20  Drone x7  
  150  11:21  Drone x2  
  150  11:22  Drone  
  160  11:28  Zerg Melee Weapons Level 3  
  160  11:30  Zerg Ground Armor Level 3  
  160  11:33  Corruptor  
  160  11:34  Corruptor  
  164  11:45  Baneling x11  
  164  11:47  Corruptor x3  
  161  11:50  Overlord x3  
  161  11:51  Drone  
  168  12:00  Zergling x2  
  168  12:01  Zergling x40  
  181  12:03  Overlord x2  
  181  12:05  Baneling x3  
  189  12:25  Hatchery  
  188  12:31  Zergling x22  
  188  12:35  Overlord  
  188  12:36  Overlord x2  
  199  12:38  Pathogen Glands, Zerg Flyer Armor Level 2  
  162  13:18  Hatchery  
  161  13:20  Queen  
  161  13:23  Hatchery  
  162  13:32  Infestor  
  162  13:33  Infestor x3  
  170  13:45  Corruptor x9  
  188  13:58  Overlord  
  188  13:59  Drone  
  188  14:00  Drone x5  
  194  14:03  Spine Crawler  
  194  14:04  Spore Crawler  
  194  14:05  Spine Crawler  
  194  14:07  Spine Crawler  
  194  14:08  Spore Crawler  
  194  14:09  Spore Crawler  
  188  14:13  Extractor x2  
  186  14:18  Brood Lord x7  
  186  14:19  Hatchery  
  199  14:26  Drone  
  180  14:53  Overlord  
  180  14:54  Overlord  
  180  14:55  Hatchery  
  179  15:08  Spine Crawler  
  179  15:11  Spore Crawler  
  179  15:13  Spore Crawler  
  176  15:14  Spore Crawler  
  175  15:21  Zergling x8  
  175  15:22  Zergling x18  
  175  15:23  Baneling x4  
  175  15:24  Baneling x12  
  175  15:25  Spine Crawler x2  
  175  15:26  Spine Crawler  
  175  15:27  Spore Crawler, Overseer  
  175  15:28  Overseer x6  
  184  15:29  Overlord x3  
  184  15:30  Infestor x3  
  184  15:31  Infestor x4  
  197  16:27  Zerg Missile Weapons Level 1  
  197  16:30  Drone x2  
  199  16:36  Extractor  
  199  16:39  Extractor  
  197  16:43  Overlord  
  197  16:44  Overlord  
  197  16:46  Overlord  
  197  16:47  Overlord  
  197  16:55  Overseer  
  187  17:03  Drone x10  
  187  17:04  Drone  
  187  17:07  Extractor  
  197  17:14  Drone x3  
  192  17:57  Extractor  
  186  18:28  Drone  
  186  18:29  Drone x2  
  186  18:30  Drone x3  
  192  18:34  Viper x2  
  184  19:10  Drone  
  184  19:11  Drone x3  
  186  19:29  Drone x2  
  188  19:33  Extractor  
  188  19:34  Extractor  
  186  19:50  Hatchery  
  185  19:55  Viper x3  
  188  20:07  Hatchery  
  151  20:36  Drone x3  
  142  20:47  Drone x3  
  145  20:53  Drone  
  145  20:54  Drone x7  
  145  20:56  Drone x7  
  160  20:57  Hatchery  
  160  20:58  Extractor  
  160  21:01  Infestor x4  
  158  21:08  Zergling x16  
  158  21:09  Zergling x30  
  155  21:57  Zergling x8  
  155  21:58  Zergling x28  
  170  22:13  Zergling x2  
  170  22:14  Zergling x10  
  130  22:55  Zerg Flyer Armor Level 3  
  130  22:58  Drone x6  
  121  23:02  Zergling x28  
  121  23:03  Zergling x8  
  137  23:15  Drone x8  
  137  23:19  Queen  
  145  23:20  Queen  
  148  23:33  Drone x2  
  148  23:34  Drone x6  
  148  23:43  Baneling  
  148  23:44  Baneling x15  
  148  23:47  Spore Crawler  
  147  23:52  Spore Crawler  
  147  23:53  Drone x2, Spine Crawler  
  147  23:54  Spine Crawler  
  147  23:55  Spine Crawler  
  145  24:03  Drone  
  145  24:04  Drone x9  
  145  24:07  Baneling  
  145  24:08  Baneling x25  
  145  24:09  Baneling x7  
  141  24:37  Zergling x14  
  141  24:38  Zergling x30  
  134  24:48  Zergling x2  
  135  25:03  Baneling x8  
  135  25:04  Baneling x29  
  135  25:05  Baneling x6, Infestor x6  
  147  25:08  Zergling x6  
  147  25:09  Baneling x3  
  147  25:10  Hatchery  
  147  25:41  Extractor  
  146  25:58  Zergling x48  
  146  25:59  Zergling x6  
  146  26:02  Spine Crawler  
  146  26:03  Spore Crawler, Spine Crawler, Baneling x8  
  170  26:04  Baneling, Spine Crawler  
  170  26:09  Corruptor  
  171  26:11  Zerg Flyer Weapons Level 1  
  171  26:27  Hydralisk Den  
  156  26:54  Overlord x2  
  147  26:55  Overlord  
  147  27:02  Corruptor x4, Zergling x24  
  167  27:22  Infestor x8  
  119  27:55  Zergling x2  
  119  27:56  Zergling x44  
Show
View Real Time Build Order
Export as new Build Order

FOX Terran 

Build Orders: Liberator Opening, Reaper Expand 

Get SALT Encoding   

  12  0:00  SCV  
  13  0:12  SCV  
  14  0:17  Supply Depot  
  14  0:25  SCV  
  15  0:38  SCV  
  15  0:39  Barracks  
  16  0:43  Refinery  
  16  0:50  SCV  
  17  1:02  SCV  
  18  1:14  SCV  
  19  1:26  Orbital Command  
  19  1:27  Reaper  
  20  1:40  Command Center  
  20  1:51  Supply Depot  
  20  1:52  SCV  
  21  2:02  Marine  
  21  2:04  SCV  
  23  2:08  Factory  
  23  2:13  Refinery  
  23  2:17  SCV  
  23  2:20  Barracks Reactor  
  24  2:29  SCV  
  25  2:41  SCV  
  26  2:52  Orbital Command  
  26  2:55  Starport  
  26  2:57  SCV  
  27  3:04  Hellion x2  
  27  3:05  Barracks Tech Lab  
  31  3:09  SCV  
  31  3:11  Supply Depot  
  32  3:16  Liberator  
  32  3:17  SCV  
  33  3:21  SCV  
  33  3:26  Hellion x2  
  38  3:29  SCV  
  38  3:34  SCV  
  43  3:39  Stimpack  
  43  3:41  SCV  
  43  3:44  Supply Depot  
  43  3:46  SCV  
  45  3:52  Hellion x2  
  45  3:54  SCV  
  50  3:58  SCV  
  51  4:07  SCV  
  51  4:09  Marine  
  53  4:10  SCV  
  53  4:14  Command Center  
  54  4:21  Starport Reactor  
  54  4:23  Supply Depot, SCV x2  
  56  4:28  Marine  
  57  4:31  Factory Tech Lab  
  57  4:35  SCV x2  
  59  4:41  Barracks  
  59  4:42  Barracks  
  59  4:46  Marine  
  59  4:47  Refinery  
  59  4:48  SCV x2, Refinery  
  62  4:54  Engineering Bay  
  62  4:56  Engineering Bay  
  62  5:00  SCV  
  62  5:01  SCV  
  62  5:06  Siege Tank  
  67  5:13  Starport Reactor, SCV x2  
  69  5:21  Supply Depot  
  69  5:23  Terran Infantry Weapons Level 1, Terran Infantry Armor Level 1  
  69  5:26  SCV  
  69  5:27  SCV  
  69  5:28  Orbital Command  
  71  5:33  Marine x3  
  74  5:38  Marine x2  
  74  5:39  SCV x2  
  74  5:40  Combat Shield  
  74  5:42  Siege Tank  
  81  5:48  Orbital Command  
  81  5:50  Medivac x2  
  81  5:51  SCV x2  
  87  5:59  Marine x4  
  87  6:00  Supply Depot, Marine  
  87  6:03  SCV  
  93  6:15  Barracks  
  93  6:17  Barracks  
  93  6:21  Siege Tank, SCV x3  
  93  6:24  Marine  
  100  6:26  Marine  
  100  6:30  Supply Depot  
  100  6:31  Supply Depot x2  
  101  6:41  Supply Depot  
  101  6:42  Armory  
  101  6:43  Refinery  
  101  6:52  Medivac x2, SCV x3, Marine x4  
  112  6:59  Supply Depot  
  112  7:01  Supply Depot x2  
  112  7:03  Sensor Tower  
  112  7:04  SCV x3  
  112  7:05  Barracks Reactor x2  
  115  7:10  Marine x2  
  115  7:11  Marine x2  
  115  7:17  SCV  
  111  7:25  Siege Tank, Marine  
  111  7:28  Marine x2  
  111  7:29  Terran Infantry Weapons Level 2  
  121  7:32  Terran Infantry Armor Level 2  
  117  7:38  Refinery  
  117  7:42  Barracks x2  
  117  7:43  Barracks  
  117  7:44  SCV x3  
  119  7:49  Marine x8  
  128  7:52  Medivac x2  
  132  8:03  Command Center  
  132  8:08  Marauder, Marine x4  
  132  8:09  Marine x2  
  143  8:12  Siege Tank  
  143  8:19  Marine x2  
  145  8:26  Supply Depot, Marine x2  
  147  8:27  Supply Depot x2  
  147  8:28  Supply Depot  
  147  8:31  Marine x4  
  153  8:34  Barracks Tech Lab x2  
  153  8:36  Barracks Tech Lab  
  151  8:45  Marine x2  
  151  8:46  Marine x3  
  151  8:48  Siege Tank  
  158  8:49  Marine  
  151  8:57  Marauder x3  
  156  9:04  Marauder  
  156  9:05  Marine x4  
  156  9:06  Marine x4  
  166  9:10  Supply Depot  
  166  9:12  Supply Depot  
  165  9:18  Marauder x2, Marine  
  165  9:23  Marine x3  
  165  9:24  Marine  
  173  9:26  Marauder, Refinery  
  173  9:30  Marine  
  174  9:32  Sensor Tower  
  174  9:36  Marauder  
  176  9:39  Marauder  
  176  9:40  Marauder, Marine x3  
  176  9:41  Marine  
  184  9:45  Marine  
  184  9:46  Marine x2  
  184  9:47  Marauder  
  184  9:48  Marine  
  190  9:57  Marauder  
  190  9:58  Marine  
  190  10:01  Marauder x2  
  190  10:02  Marine x3  
  195  10:08  Marauder  
  195  10:11  Marine x3  
  197  10:19  Marauder  
  199  10:25  Planetary Fortress  
  199  10:26  Terran Infantry Armor Level 3  
  199  10:27  Factory  
  199  10:28  Factory  
  199  10:31  Marine  
  197  10:36  Marauder  
  197  10:42  Marine  
  200  10:49  Marauder  
  200  10:53  Terran Infantry Weapons Level 3  
  194  11:06  Marauder x3  
  200  11:15  Liberator  
  200  11:24  Marine  
  200  11:33  Factory Tech Lab, Factory Reactor  
  200  11:42  Starport x2  
  200  11:43  Starport  
  200  11:55  Refinery  
  200  11:59  Supply Depot  
  200  12:00  Supply Depot  
  200  12:01  Supply Depot  
  200  12:02  Supply Depot, Terran Ship Weapons Level 1  
  200  12:03  Supply Depot x2, Fusion Core  
  200  12:04  Ghost Academy  
  200  12:05  Factory Tech Lab  
  200  12:06  Factory Reactor  
  200  12:27  Starport Reactor x3  
  199  12:45  Liberator  
  199  12:46  Liberator x2  
  199  12:59  Ghost x3  
  199  13:00  Ghost, Liberator x2  
  199  13:03  Liberator x3  
  181  13:26  Command Center  
  190  13:28  Ghost x4  
  190  13:34  Command Center  
  198  13:40  Marine x2  
  200  13:43  Hi-Sec Auto Tracking, Neosteel Armor  
  200  13:45  Personal Cloaking  
  200  13:59  Missile Turret  
  200  14:00  Missile Turret x2  
  200  14:01  Missile Turret  
  200  14:34  Liberator x5  
  184  14:51  Ghost  
  184  14:52  Ghost x3  
  184  15:01  Marine x2  
  184  15:02  Marine x4  
  184  15:04  Orbital Command  
  190  15:08  Command Center  
  190  15:16  Nuke  
  190  15:20  Ghost  
  190  15:21  Command Center, Marauder x3  
  196  15:24  Ghost Academy x2  
  196  15:25  Ghost Academy  
  196  15:27  Ghost Academy  
  198  15:29  Ghost Academy  
  198  15:46  Medivac  
  200  15:58  Nuke x3  
  200  15:59  Nuke x2  
  200  16:49  Barracks  
  200  16:51  Barracks x2  
  190  17:16  Ghost  
  190  17:17  Ghost x3  
  198  17:41  Barracks Tech Lab x2  
  198  17:45  Ghost  
  198  18:08  Nuke x4  
  198  18:13  Ghost  
  200  18:29  Supply Depot  
  200  18:30  Terran Ship Weapons Level 2  
  198  18:55  Planetary Fortress  
  198  19:06  Marauder  
  198  19:09  Nuke  
  198  19:10  Nuke x5  
  198  19:14  Marauder x2  
  200  19:19  Ghost  
  198  19:26  Marine x2  
  200  19:37  Missile Turret  
  200  19:38  Missile Turret  
  200  19:39  Command Center  
  200  19:40  Command Center, Missile Turret  
  200  19:41  Missile Turret x2  
  200  19:45  Missile Turret  
  200  19:52  Refinery  
  200  19:53  Missile Turret, Refinery  
  200  19:54  Missile Turret  
  200  19:57  Missile Turret  
  199  20:10  Marauder, Marine  
  200  20:16  Missile Turret  
  200  20:17  Missile Turret  
  200  20:18  Missile Turret  
  200  20:19  Marauder x2, Marine x6  
  154  20:36  Missile Turret  
  154  20:37  Missile Turret  
  154  20:40  Missile Turret  
  154  20:47  Planetary Fortress  
  154  20:51  Liberator x4  
  154  20:56  Marine x3  
  157  20:57  Missile Turret  
  157  20:59  Marauder x3, Marine x2  
  157  21:00  Marauder, Marine x3  
  157  21:02  Medivac x2  
  157  21:03  Medivac x2  
  190  21:14  Marine x3  
  190  21:17  Nuke x5  
  193  21:19  Refinery  
  193  21:20  Ghost x2, Marauder, Refinery  
  198  21:33  Terran Ship Weapons Level 3  
  186  21:41  Ghost  
  188  22:00  Nuke  
  177  22:32  Nuke x3  
  177  22:50  Ghost x4  
  171  23:05  Ghost x2  
  169  23:15  Marine x4  
  169  23:18  Ghost x2  
  169  23:19  Ghost x2  
  181  23:28  Widow Mine x3  
  181  23:30  Widow Mine  
  181  23:33  Orbital Command  
  183  23:34  Marauder  
  183  23:35  Marauder  
  183  23:41  SCV x4  
  191  23:48  Marauder  
  193  23:53  SCV x3  
  197  24:00  Widow Mine  
  196  24:05  SCV x3  
  196  24:09  Refinery  
  199  24:11  Command Center  
  199  24:17  SCV  
  149  24:44  Ghost x3  
  147  24:50  Command Center  
  147  24:51  Marauder x2, Marine x6  
  157  25:10  Marauder, Marine x9  
  157  25:12  Marauder x2  
  157  25:13  Marine x3  
  175  25:22  Refinery  
  175  25:28  Marine x7  
  179  25:57  Sensor Tower  
  179  26:16  Orbital Command  
  155  27:19  Medivac x2  
  159  27:25  Refinery  
  159  27:26  SCV x5, Refinery  
  159  27:28  Refinery  
  162  27:38  SCV x4  
  162  27:43  Marauder x3, Marine x4  
Tags
 
Add a new tag
Caveats
  • Supply blocks, unpowered buildings, or Contaminate may cause inaccurate times.
  • Supply counts are checked every 10 seconds.